AoeStats
← p.bertin

Arabia

507766014Analyzed
1v1 RM · 12d ago on Sep 19, 2026· 55m 45s· 2 players
Game mode
Random Map
Map size
Tiny (2 player)
Population
200
Speed
Normal
Resources
Standard
Victory
Conquest
Starting age
Dark Age
Ending age
Imperial Age
RankedLock teamsTeams togetherTeam positionsShared explorationLock speedFull tech treeHidden civsTurbo modeCheats
Victory
Defeat
🇬🇧 Georgians · United Kingdom
1195
+16
🇧🇪 Vietnamese · Belgium
1185
-16
p.bertin
6:32 Loom
6:42 Loom
10:03 Feudal Age
10:35 Double-Bit Axe
16:46 Horse Collar
21:40 Castle Age
19:54 Scale Mail Armor
20:54 Bloodlines
20:51 Gold Mining
21:20 Fletching
22:29 Squires
23:01 Pikeman
28:29 Bow Saw
32:56 Heavy Plow
32:48 Elite Skirmisher
33:46 Husbandry
33:57 Padded Archer Armor
34:02 Scale Barding Armor
35:27 Bodkin Arrow
40:13 Wheelbarrow
39:24 Town Watch
41:11 Hand Cart
40:22 Light Cavalry
41:25 Leather Archer Armor
41:26 Chain Mail Armor
41:21 Forging
44:41 Imperial Age
43:20 Chain Barding Armor
43:36 Iron Casting
43:40 Town Patrol
45:38 Bracer
46:09 Ring Archer Armor
46:08 Halberdier
46:46 Heated Shot
49:18 Plate Barding Armor
49:27 Chain Mail Armor
49:15 Elite Rattan Archer
51:05 Paper Money
52:26 Plate Mail Armor
51:29 Imperial Skirmisher
53:01 Crossbowman
Waterboy91x
10:30 Feudal Age
10:48 Feudal Age
9:40 Loom
13:34 Feudal Age
18:08 Castle Age
18:02 Bloodlines
18:56 Double-Bit Axe
19:50 Scale Barding Armor
21:23 Wheelbarrow
22:05 Husbandry
24:02 Chain Barding Armor
28:10 Fletching
29:43 Town Watch
30:55 Bodkin Arrow
32:05 Padded Archer Armor
33:25 Ballistics
36:41 Leather Archer Armor
38:00 Hand Cart
42:35 Imperial Age
40:37 Forging
40:58 Light Cavalry
43:56 Hussar
46:28 Plate Barding Armor
47:00 Chemistry
46:08 Bracer
47:24 Parthian Tactics
47:43 Heavy Cavalry Archer
50:15 Iron Casting
Connection lost

Rejoining the realm…

Still unreachable

The connection could not be restored.

Session expired

The server has moved on; the page needs a fresh start.